 Dungeon Crawl Stone Soup version 0.19-a0-687-g35db334 (webtiles) character file.

187 LORDOFBUTT the Covered (level 5, -2/47 HPs)
             Began as a Minotaur Fighter on June 19, 2016.
             Slain by a gnoll
             ... wielding a +0 spear
              (7 damage)
             ... on level 4 of the Dungeon.
             The game lasted 00:02:06 (2375 turns).

LORDOFBUTT the Covered (Minotaur Fighter)           Turns: 2375, Time: 00:02:06

Health: -2/47      AC:  7    Str: 21    XL:     5   Next: 39%
Magic:  4/4        EV:  3    Int:  5    God:
Gold:   167        SH:  9    Dex: 10    Spells: 0 memorised, 4 levels left

rFire  . . .     SeeInvis .     q - +1 hand axe (flame)
rCold  . . .     Gourm    .     b - +0 scale mail
rNeg   . . .     Faith    .     c - +0 shield
rPois  .         Spirit   .     (helmet restricted)
rElec  .         Dismiss  .     (no cloak)
rCorr  .         Reflect  .     (no gloves)
SustAt .         Harm     .     (no boots)
MR     .....                    (no amulet)
Stlth  ..........               (no ring)
                                (no ring)

@: not resistant to hostile enchantments, extremely unstealthy
A: retaliatory headbutt, horns 2
a: no special abilities


You were on level 4 of the Dungeon.
You were not hungry.

You visited 1 branch of the dungeon, and saw 4 of its levels.

You collected 167 gold pieces.

Inventory:

Hand Weapons
 q - a +1 hand axe of flaming (weapon)
Armour
 b - a +0 scale mail (worn)
 c - a +0 shield (worn)
Scrolls
 j - 3 scrolls of identify {unknown}
 k - a scroll of blinking {unknown}
 n - 2 scrolls of recharging {unknown}
 o - 3 scrolls of teleportation {unknown}
 r - a scroll of enchant armour {unknown}
Potions
 a - a potion of lignification {unknown}
 d - a potion of might
 e - a potion of haste {unknown}
 i - a potion of agility {unknown}
 l - a potion of invisibility {unknown}
 m - a potion of flight {unknown}
 p - a potion of curing {unknown}
Comestibles
 f - 4 bread rations
 g - 2 meat rations
 h - a slice of pizza


   Skills:
 + Level 4.6 Fighting
 + Level 3.5 Axes
 + Level 4.8 Armour
 + Level 1.8 Dodging
 + Level 0.1 Stealth
 + Level 4.7 Shields


You had 4 spell levels left.
You didn't know any spells.

Dungeon Overview and Level Annotations

Branches:
Dungeon (4/15)
 Temple: D:4-7

Altars:
Cheibriados
Elyvilon
Pakellas
Uskayaw
The Shining One


Innate Abilities, Weirdness & Mutations

You reflexively headbutt those who attack you in melee.
You have a pair of horns on your head.


Message History

You barely miss the gnoll.
The gnoll hits you but does no damage. x2
The gnoll hits you from afar with a spear.
You hit the gnoll. You burn the gnoll.
The gnoll is lightly wounded.
The gnoll hits you with a flail. You block the gnoll's attack. x2
You hit the gnoll. You burn the gnoll.
The gnoll is heavily wounded.
The gnoll hits you from afar with a spear.
The gnoll hits you with a flail! The gnoll completely misses you.
You hit the gnoll. You burn the gnoll.
You kill the gnoll!
You block the gnoll's attack.
The gnoll hits you from afar with a halberd!
* * * LOW HITPOINT WARNING * * *
The gnoll hits you from afar with a spear.
* * * LOW HITPOINT WARNING * * *
There is a stone staircase leading up here.
You block the gnoll's attack.
The gnoll hits you from afar with a spear!
You die...

.......#..
.........
.........
........#
........#
.......o##
.......og###
......##g..#
..#### ###@#
. #.# #..
...# ##..
... ###


You could see 2 gnolls and 2 orcs.

Vanquished Creatures
  A hound (D:3)
  A worker ant (D:4)
  2 gnolls (D:4)
  4 adders
  2 worms
  3 dart slugs
  2 giant geckos
  2 orcs
  4 giant cockroaches
  12 goblins
  9 hobgoblins
  2 jackals (D:2)
  3 kobolds
  A quokka (D:2)
  6 bats
  4 giant newts
  A jackal skeleton (D:4)
  7 rats
66 creatures vanquished.

Notes
Turn   | Place    | Note
--------------------------------------------------------------
     0 | D:1      | LORDOFBUTT the Minotaur Fighter began the quest for the Orb.
     0 | D:1      | Reached XP level 1. HP: 19/19 MP: 0/0
     6 | D:1      | Noticed a hound
     6 | D:1      | Noticed a six-headed hydra
     6 | D:1      | Noticed a black bear
     6 | D:1      | Noticed an anaconda
   182 | D:1      | Reached XP level 2. HP: 20/27 MP: 1/1
   479 | D:1      | Reached XP level 3. HP: 32/33 MP: 2/2
  1224 | D:2      | Reached XP level 4. HP: 40/41 MP: 3/3
  1301 | D:2      | Found a snail-covered altar of Cheibriados.
  1356 | D:2      | Found an oddly glowing altar of Pakellas.
  1374 | D:2      | Reached skill level 1 in Dodging
  1927 | D:3      | Found a hide-covered altar of Uskayaw.
  1930 | D:3      | Found a glowing golden altar of the Shining One.
  1936 | D:3      | Found a white marble altar of Elyvilon.
  2255 | D:3      | Reached XP level 5. HP: 40/47 MP: 4/4
  2375 | D:4      | Slain by a gnoll

Vault maps used:
D:1:      onia_arrival_zoo_common, minmay_ruptured
D:2:      nicolae_overflow_hidden_temple, cheibriados_altar_1
D:3:      grunt_temple_overflow_diamond, first_bread
D:4:      gammafunk_temple_overflow_statue, old_standard_altar, serial_shops,
          shop, uniq_natasha

Skill      XL: |  1  2  3  4 |
---------------+-------------+-----
Shields        | 4 |  4.7
Fighting       | 4 |  4.6
Armour         | 4 |  4.8
Axes           | 3 |  3.5
Dodging        | 1 |  1.8
Stealth        | |  0.1

Action                   |  1- 3 |  4- 6 || total
-------------------------+-------+-------++-------
Melee: War axe           |    84 |       ||    84
       Headbutt          |     9 |     8 ||    17
       Hand axe          |    12 |    57 ||    69
  Eat: Beef jerky        |     2 |       ||     2
       Pizza             |       |     1 ||     1
Armor: Scale mail        |    42 |    22 ||    64
Dodge: Dodged            |    32 |    14 ||    46
Block: Shield            |    54 |    26 ||    80
